 Dungeon Crawl Stone Soup version 0.18-a0-917-g8a3da5b (webtiles) character file.

376 tof the Ducker (level 6, 0/47 HPs)
             Began as a Merfolk Skald on Dec 26, 2015.
             Slain by a giant frog zombie (5 damage)
             ... on level 6 of the Dungeon.
             The game lasted 00:22:10 (5025 turns).

tof the Ducker (Merfolk Skald)                      Turns: 5025, Time: 00:22:10

Health: 0/47       AC:  7    Str: 12    XL:     6   Next: 73%
Magic:  0/9        EV: 13    Int: 13    God:
Gold:   139        SH:  0    Dex: 14    Spells: 2 memorised, 6 levels left

rFire  . . .     SeeInvis +     a - +0 spear
rCold  . . .     Gourm    .     j - +0 leather armour
rNeg   . . .     Faith    .     (no shield)
rPois  .         Spirit   .     (no helmet)
rElec  .         Dismiss  .     y - +0 cloak
rCorr  .         Reflect  .     n - +0 pair of gloves
SustAt .         Harm     .     f - +1 pair of boots
MR     .....                    (no amulet)
Stlth  +.........               (no ring)
                                E - ring of see invisible

@: not resistant to hostile enchantments, very unstealthy
A: change form in water, swift swim
a: no special abilities


You were on level 6 of the Dungeon.
You were not hungry.

You visited 1 branch of the dungeon, and saw 5 of its levels.

You collected 139 gold pieces.

Inventory:

Hand Weapons
 a - a +0 spear (weapon)
 b - a +0 hunting sling of flaming
Missiles
 C - 16 sling bullets
Armour
 f - a +1 pair of boots (worn)
 j - a +0 leather armour (worn)
 n - a +0 pair of gloves (worn)
 y - a +0 cloak (worn)
Jewellery
 E - a ring of see invisible (left hand)
 I - an uncursed ring of ice {unknown}
Wands
 z - a wand of frost (23/48)
 H - a wand of draining (9/15)
Scrolls
 g - 2 scrolls of immolation {unknown}
 h - a scroll of amnesia {unknown}
 k - 2 scrolls of identify
 m - 2 scrolls of recharging {unknown}
 p - a scroll of remove curse
 q - a scroll of blinking
 r - a scroll of teleportation
 x - a scroll of noise {unknown}
 D - a scroll of enchant armour {unknown}
 F - a scroll of enchant weapon {unknown}
Potions
 i - a potion of lignification {unknown}
 l - a potion of resistance {unknown}
 t - a potion of cancellation {unknown}
 u - 3 potions of might
 w - 2 potions of curing
 A - a potion of heal wounds {unknown}
 B - a potion of ambrosia {unknown}
 G - a potion of magic {unknown}
Books
 c - a book of Battle

   Spells                             Type                      Level
   a - Infusion                       Charms                       1
   b - Shroud of Golubria             Charms/Translocation         2
   c - Song of Sleighing              Charms                       2
   d - Spectral Weapon                Hexes/Charms                 3
   e - Regeneration                   Charms/Necromancy            3
Comestibles
 d - 3 bread rations
 o - 3 slices of pizza
 s - 2 meat rations
 v - 3 fruits


   Skills:
 + Level 3.6 Fighting
 + Level 4.0 Polearms
 + Level 1.7 Slings
 + Level 2.0 Armour
 + Level 4.3 Dodging
 + Level 1.0 Stealth
 + Level 2.5 Spellcasting
 + Level 3.9 Charms
 + Level 0.1 Necromancy


You had 6 spell levels left.
You knew the following spells:

 Your Spells              Type           Power        Failure   Level  Hunger
a - Infusion              Chrm           ##....       8%          1    #......
b - Regeneration          Chrm/Necr      #.........   41%         3    ###....


Dungeon Overview and Level Annotations

Branches:
Dungeon (4/15)
 Temple: D:4-7

Altars:
Qazlal


Message History

You hit the giant frog zombie.
The giant frog zombie barely misses you.
You hit the giant frog zombie. The giant frog zombie hits you.
* * * LOW HITPOINT WARNING * * *
The giant frog zombie misses you.
Drink which item? (? for menu, Esc to quit)
Okay, then.
Evoke which item? (* to show all) (? for menu, Esc to quit)
Zapping:
z - a wand of frost (24/48)
Press: ? - help, Shift-Dir - straight line, f - giant frog zombie
Aim: a giant frog zombie The puff of frost hits the giant frog zombie.
The giant frog zombie resists.
This wand has 23 charges left.
The giant frog zombie closely misses you.
Drink which item? (? for menu, Esc to quit)
You can't drink that!
Drink which item? (? for menu, Esc to quit)
It was a potion of cure mutation.
It has a very clean taste.
The giant frog zombie hits you.
You die...

#........#
########.# .
##.####)...
#..........
#..####....
#.....Y....
#.########
###.###
##########
#.....#..#
#@........
#.####.#§##
#Z########
.........# #.#
.#####.Y.###†##
####...##...##
#[...........##
#..>...........#
##.......(....##
#.###...##.$.##


You could see a giant frog zombie.

Vanquished Creatures
  A sky beast (D:6)
  4 orc wizards
  6 adders
  2 oozes (D:4)
  A worm (D:2)
  2 giant geckos
  10 orcs
  8 giant cockroaches
  14 hobgoblins
  7 jackals
  9 kobolds
  A ball python (D:3)
  7 bats
  4 giant newts
  7 goblins
  2 quokkas
  8 rats
93 creatures vanquished.

Notes
Turn   | Place    | Note
--------------------------------------------------------------
     0 | D:1      | tof the Merfolk Skald began the quest for the Orb.
     0 | D:1      | Reached XP level 1. HP: 16/16 MP: 3/3
    85 | D:1      | Reached XP level 2. HP: 19/22 MP: 1/5
   499 | D:1      | Reached XP level 3. HP: 28/28 MP: 0/6
  1069 | D:2      | Learned a level 3 spell: Regeneration
  1181 | D:2      | Reached skill level 1 in Armour
  1703 | D:2      | Reached XP level 4. HP: 18/34 MP: 7/7
  3186 | D:3      | Reached XP level 5. HP: 35/39 MP: 8/8
  3295 | D:3      | Found a stormy altar of Qazlal.
  3298 | D:3      | Noticed a fire elemental
  3298 | D:3      | Noticed an air elemental
  3298 | D:3      | Noticed a water elemental
  4550 | D:4      | Reached skill level 4 in Polearms
  4550 | D:4      | Reached skill level 1 in Slings
  4550 | D:4      | Reached XP level 6. HP: 35/47 MP: 9/9
  4927 | D:4      | You fall through a shaft for 2 floors!
  5008 | D:6      | Reached skill level 1 in Stealth
  5025 | D:6      | Slain by a giant frog zombie

Vault maps used:
D:1:      dpeg_arrival_water_temple_mockup, minmay_cupped
D:2:      first_bread
D:3:      hangedman_decor_push, nicolae_qazlal_style_of_elements
D:6:      uniq_crazy_yiuf_cottage, uniq_duvessa

Action                   |  1- 3 |  4- 6 || total
-------------------------+-------+-------++-------
Melee: Spear             |   168 |   247 ||   415
 Fire: Hunting sling     |       |    44 ||    44
 Cast: Infusion          |     7 |     7 ||    14
       Regeneration      |     2 |     2 ||     4
Evoke: Wand              |       |     1 ||     1
  Use: Scroll            |       |     4 ||     4
       Potion            |       |     2 ||     2
  Eat: Chunk             |     3 |     9 ||    12
       Beef jerky        |       |     1 ||     1
       Fruit             |       |     1 ||     1
